 Dungeon Crawl Stone Soup version 0.24-a0-639-gb70a11d811 (webtiles) character file.

Game seed: 16049335753222126441, levelgen mode: deterministic

167596 Geomchi the Thaumaturge (level 17, -8/134 HPs)
             Began as a Gnoll Summoner on Sept 20, 2019.
             Was an Elder of Sif Muna.
             Killed from afar by Sojobo (51 damage)
             ... with a bolt of lightning
             ... on level 2 of the Vaults on Sept 21, 2019.
             The game lasted 02:02:43 (61718 turns).

Geomchi the Thaumaturge (Gnoll Summoner)           Turns: 61718, Time: 02:02:44

Health: -8/134     AC: 17    Str: 15    XL:     17   Next: 28%
Magic:  18/43      EV: 19    Int: 30    God:    Sif Muna [****..]
Gold:   4106       SH: 12    Dex: 17    Spells: 0/40 levels left

rFire    . . .     SeeInvis .   z - +8 whip "Snakebite" {curare, rPois}
rCold    . . .     Gourm    .   D - +0 shield {reflect}
rNeg     . . .     Faith    .   a - +0 acid dragon scales
rPois    +         Spirit   .   B - +3 hat of Pondering {ponderous, MR+ MP+10 Int+5}
rElec    .         Reflect  +   I - +0 cloak {+Inv}
rCorr    +         Harm     .   n - +0 pair of gloves
MR       +++..                  y - +0 pair of boots
Stlth    +++++.....             L - amulet of regeneration
HPRegen  0.72/turn              F - ring of protection from magic
MPRegen  0.28/turn              C - ring of wizardry

@: slow
A: distributed training, fangs 1, rugged brown scales 1, agile 1, strong 2,
strong nose
}: 2/15 runes: decaying, serpentine
a: Channel Magic, Forget Spell, Divine Exegesis, Renounce Religion, Evoke
Invisibility


You were on level 2 of the Vaults.
You worshipped Sif Muna.
Sif Muna was greatly pleased with you.
You were very hungry.

You visited 6 branches of the dungeon, and saw 33 of its levels.
You also visited: Bailey.

You collected 4765 gold pieces.
You spent 659 gold pieces at shops.

Inventory:

Hand Weapons
 x - the cursed +1 trident of True Grit {holy, rElec rC++ Dex-2 Stlth+}
   (You found it on level 12 of the Dungeon)

   It has been blessed by the Shining One to cause great damage to the undead
   and demons.
   It affects your dexterity (-2).
   It greatly protects you from cold.
   It insulates you from electricity.
   It makes you more stealthy.
   It has a curse placed upon it.
 z - the +8 whip "Snakebite" (weapon) {curare, rPois}
   (You found it on level 2 of the Lair of Beasts)

   It poisons the flesh of those it strikes.
   It protects you from poison.
Armour
 a - +0 acid dragon scales (worn)
 b - a +2 helmet
 n - a +0 pair of gloves (worn)
 w - +0 steam dragon scales
 y - a +0 pair of boots (worn)
 B - the +3 hat of Pondering (worn) {ponderous, MR+ MP+10 Int+5}
   (You bought it in a shop on level 2 of the Orcish Mines)

   It affects your intelligence (+5).
   It affects your resistance to hostile enchantments.
   It affects your magic capacity (+10).
 D - a +0 shield of reflection (worn)
 G - a +0 buckler
 I - a +0 cloak of invisibility (worn)
 T - a +2 robe of cold resistance
 V - a +1 helmet of intelligence
Jewellery
 g - a +2 ring of evasion
 i - an uncursed ring of protection from cold
 A - an uncursed amulet of the gourmand {unknown}
 C - a ring of wizardry (right hand)
 F - a ring of protection from magic (left hand)
 L - an amulet of regeneration (around neck)
 N - an uncursed ring of wizardry
Wands
 p - a wand of acid (17)
 q - a wand of iceblast (37)
 E - a wand of clouds (6)
Scrolls
 e - a scroll of brand weapon
 h - 2 scrolls of teleportation
 j - 3 scrolls of fear
 k - 2 scrolls of identify
 r - 3 scrolls of amnesia
 s - 13 scrolls of remove curse
 u - 7 scrolls of enchant weapon
 J - a scroll of silence {unknown}
 K - 3 scrolls of enchant armour {unknown}
 M - 7 scrolls of magic mapping
 S - 2 scrolls of holy word {unknown}
 U - 7 scrolls of fog
 W - 2 scrolls of immolation
 Y - 4 scrolls of vulnerability
Potions
 d - 2 potions of haste
 f - 5 potions of invisibility
 l - 4 potions of heal wounds
 o - 4 potions of magic
 t - 12 potions of brilliance
 v - a potion of cancellation
 H - 5 potions of agility
 O - 4 potions of lignification
 P - 2 potions of resistance
 Q - 3 potions of ambrosia
 R - 6 potions of curing
 X - 2 potions of might
 Z - 3 potions of flight
Comestibles
 c - 27 rations
 m - 2 chunks of flesh {@w0}


   Skills:
 + Level 11.2 Fighting
 + Level 11.2 Short Blades
 + Level 11.2 Long Blades
 + Level 11.2 Axes
 + Level 11.2 Maces & Flails
 + Level 11.2 Polearms
 + Level 11.2 Staves
 + Level 11.2 Slings
 + Level 11.2 Bows
 + Level 11.2 Crossbows
 + Level 11.2 Throwing
 + Level 11.2 Armour
 + Level 12.0 Dodging
 + Level 11.9 Stealth
 + Level 11.2 Shields
 + Level 11.2 Unarmed Combat
 + Level 12.1 Spellcasting
 + Level 9.6 Conjurations
 + Level 9.6 Hexes
 + Level 9.6 Charms
 + Level 11.7 Summonings
 + Level 9.6 Necromancy
 + Level 9.6 Translocations
 + Level 9.6 Transmutations
 + Level 9.6 Fire Magic
 + Level 9.6 Ice Magic
 + Level 9.6 Air Magic
 + Level 9.6 Earth Magic
 + Level 9.6 Poison Magic
 + Level 12.1 Invocations
 + Level 11.2 Evocations


You couldn't memorise any spells.
You knew the following spells:

 Your Spells              Type           Power        Failure   Level  Hunger
a - Summon Demon          Summ           ######....   1%          5    ##.....
b - Apportation           Tloc           ######       1%          1    None
c - Call Canine Familiar  Summ           ######..     1%          3    None
d - Call Imp              Summ           ######..     1%          2    None
e - Deflect Missiles      Chrm/Air       ######....   8%          6    ####...
f - Summon Ice Beast      Ice/Summ       ######..     1%          4    None
g - Summon Horrible Thin  Summ           ######....   75%         8    #######
m - Summon Mana Viper     Hex/Summ       ######..     1%          5    ##.....
n - Shadow Creatures      Summ           N/A          3%          6    ####...

Your spell library contained the following spells:

 Spells                   Type           Power        Failure   Level  Hunger
 Animate Skeleton         Necr           N/A          1%          1    None
 Confusing Touch          Hex            ######       1%          1    None
 Flame Tongue             Conj/Fire      #####        1%          1    None
 Infusion                 Chrm           ####         1%          1    None
 Magic Dart               Conj           ####         1%          1    None
 Pain                     Necr           ####         1%          1    None
 Sandblast                Erth           ######       1%          1    None
 Sting                    Conj/Pois      ####         1%          1    None
 Summon Butterflies       Summ           ######..     1%          1    None
 Summon Small Mammal      Summ           ####         1%          1    None
 Blink                    Tloc           N/A          1%          2    None
 Corpse Rot               Necr           N/A          1%          2    None
 Passwall                 Tmut/Erth      ######..     1%          2    None
 Poisonous Vapours        Pois/Air       ######       1%          2    None
 Searing Ray              Conj           ######       1%          2    None
 Shroud of Golubria       Chrm/Tloc      ######       1%          2    None
 Slow                     Hex            ######..     1%          2    None
 Song of Slaying          Chrm           ######..     1%          2    None
 Sublimation of Blood     Necr           ######....   1%          2    None
 Throw Flame              Conj/Fire      ######       1%          2    None
 Throw Frost              Conj/Ice       ######       1%          2    None
 Conjure Flame            Conj/Fire      ######..     1%          3    None
 Dazzling Spray           Conj/Hex       ######       1%          3    None
 Gell's Gravitas          Tloc           ######....   1%          3    None
 Ignite Poison            Fire/Tmut/Pois ######..     1%          3    None
 Inner Flame              Hex/Fire       ######..     1%          3    None
 Mephitic Cloud           Conj/Pois/Air  ######..     1%          3    None
 Portal Projectile        Hex/Tloc       ######       1%          3    None
 Recall                   Summ/Tloc      N/A          1%          3    None
 Regeneration             Chrm/Necr      ######....   1%          3    None
 Spectral Weapon          Hex/Chrm       ######..     1%          3    None
 Stone Arrow              Conj/Erth      ######       1%          3    None
 Summon Guardian Golem    Hex/Summ       ######..     1%          3    None
 Airstrike                Air            ######....   1%          4    None
 Force Lance              Conj/Tloc      ######..     1%          4    None
 Fulminant Prism          Conj/Hex       ######....   1%          4    None
 Iskenderun's Mystic Bla  Conj           ######..     1%          4    None
 Leda's Liquefaction      Hex/Erth       ######....   1%          4    None
 Olgreb's Toxic Radiance  Pois           ######..     1%          4    None
 Petrify                  Tmut/Erth      ######..     1%          4    None
 Sticky Flame             Conj/Fire      ######..     1%          4    None
 Summon Lightning Spire   Summ/Air       ######..     1%          4    None
 Agony                    Necr           ######..     1%          5    ##.....
 Aura of Abjuration       Summ           ######....   1%          5    ##.....
 Bolt of Draining         Conj/Necr      ######....   1%          5    ##.....
 Bolt of Magma            Conj/Fire/Erth ######....   1%          5    ##.....
 Borgnjor's Vile Clutch   Necr/Erth      ######....   1%          5    ##.....
 Dispel Undead            Necr           ######..     1%          5    ##.....
 Excruciating Wounds      Chrm/Necr      ######....   1%          5    ##.....
 Fireball                 Conj/Fire      ######....   1%          5    ##.....
 Iskenderun's Battlesphe  Conj/Chrm      ######..     1%          5    ##.....
 Lee's Rapid Deconstruct  Erth           ######....   1%          5    ##.....
 Lightning Bolt           Conj/Air       ######....   1%          5    ##.....
 Summon Forest            Summ/Tloc      ######....   1%          5    ##.....
 Venom Bolt               Conj/Pois      ######....   1%          5    ##.....
 Bolt of Fire             Conj/Fire      ######....   8%          6    ####...
 Death Channel            Necr           ######....   8%          6    ####...
 Dispersal                Tloc           ######....   8%          6    ####...
 Freezing Cloud           Conj/Ice/Air   ######....   8%          6    ####...
 Hydra Form               Tmut           ######....   8%          6    ####...
 Iron Shot                Conj/Erth      ######....   8%          6    ####...
 Simulacrum               Ice/Necr       ######....   8%          6    ####...
 Monstrous Menagerie      Summ           ######....   16%         7    ######.
 Summon Hydra             Summ           ######....   16%         7    ######.
 Haunt                    Necr/Summ      ######....   26%         7    ######.
 Spellforged Servitor     Conj/Summ      ######....   26%         7    ######.
 Orb of Destruction       Conj           ######....   36%         7    ######.
 Ring of Flames           Chrm/Fire      ######....   36%         7    ######.
 Borgnjor's Revivificati  Necr           ######....   95%         8    #######
 Chain Lightning          Conj/Air       ######....   95%         8    #######
 Controlled Blink         Tloc           N/A          95%         8    #######
 Death's Door             Chrm/Necr      ######....   95%         8    #######
 Disjunction              Tloc           ######....   95%         8    #######
 Ignition                 Fire           ######....   95%         8    #######
 Infestation              Necr           ######....   95%         8    #######
 Necromutation            Tmut/Necr      ######....   95%         8    #######


Dungeon Overview and Level Annotations

Branches:
Dungeon (15/15)            Temple (0/1) D:5            Lair (6/6) D:11
  Swamp (4/4) Lair:2        Snake (4/4) Lair:4        Slime (0/5) Lair:5
    Orc (2/2) D:9             Elf (0/3) Orc:2        Vaults (2/5) D:14
 Depths (0/5) D:15         Bailey (visited)
  Crypt: Vaults:2-3

Altars:
Cheibriados
Dithmenos
Fedhas
Hepliaklqana
Makhleb
Nemelex Xobeh
Qazlal
Ru
Sif Muna
Uskayaw
Vehumet
Wu Jian
Xom
Jiyva

Shops:
D:5 }*   D:9 (   D:11 =   Orc:2 !*[%}   Snake:3 (

Portals:
Pandemonium: Orc:2
Trove: D:10 (give horn of Geryon)

Annotations:
D:14 Roxanne
Lair:1 2 runed translucent doors, 2BsUSBport's ghost, novice MiFi
Lair:5 1 runed translucent door
Lair:6 exclusion: 6 oklob plants
Swamp:3 exclusion: tentacled monstrosity
Snake:3 Saint Roka
Orc:1 2 runed translucent doors, exclusion: orange crystal statue
Vaults:2 Sojobo


Innate Abilities, Weirdness & Mutations

Your experience applies equally to all skills.
You have very sharp teeth.
Your uncanny sense of smell can sniff out nearby items.
You are partially covered in rugged brown scales. (AC +1, +3% HP)
You are agile. (Dex +2)
Your muscles are very strong. (Str +4)


Message History

The tengu reaver blocks your vault sentinel's attack.
Wisps of shadow whirl around you...
You are feeling very hungry.
A vortex of raging winds appears around the air elemental! x2
The air elemental hits your vault sentinel!
Your vault sentinel dies!
Your vault sentinel's corpse dissolves into shadows!
Something hits your stone giant.
Something pecks your stone giant but does no damage.
Something claws your stone giant.
Your stone giant hits the tengu reaver!
You now have 17/43 mp.
The air elemental hits something. x2
The tengu reaver gestures at the air elemental while chanting.
The tengu reaver shouts!
The winds around the air elemental start to calm down.
The air elemental barely misses something. x2
Sojobo casts a spell at you.
The bolt of lightning hits your vault warden!!
The bolt of lightning hits you!!!
You die...

#.......# #.......#
#.......# #....#
#.......# #....#
#.......# #....#
####+##'###....#
#.........#....#
#.........+....#
#....pp@(.#....#
#...>Qp..)(....# #####
#.........#....# ....#
#...Q.....#...(# ....#
###p#######....########
....# #E§..#
#............ ....#
#§EQC..# #............
....#
##QQ....##...........)
....#
§§.E...##............


You could see Sojobo, a tengu reaver, an air elemental, a friendly vault warden,
2 friendly vault guards and a friendly vault sentinel.

Vanquished Creatures
  A vault warden (Vaults:1)
  A green death (Swamp:4)
  A great orb of eyes (Vaults:1)
  Fannar (Lair:3)
  2 alligators
  A thrashing horror (Swamp:4)
  A shock serpent (Snake:3)
  A flayed ghost (Vaults:1)
  2 unseen horrors
  A glowing orange brain (Vaults:1)
  A swamp dragon (Swamp:4)
  A wolf spider (Lair:6)
  An ugly thing (D:14)
  A naga mage (Snake:4)
  5 elephants (Lair:5)
  4 black mambas
  5 spiny frogs
  A kobold demonologist (D:15)
  A troll (D:14)
  A polar bear (Lair:2)
  A bog body (Swamp:4)
  5 tyrant leeches
  2 hornets
  5 slime creatures
  2 hippogriffs
  4 blink frogs
  A redback (Lair:6)
  A spriggan (shapeshifter) (Vaults:2)
  2 shadows
  6 wyverns (Lair:6)
  8 yaks
  A basilisk (Lair:3)
  3 steam dragons
  3 swamp worms
  2 insubstantial wisps (Swamp:3)
  A naga (Snake:1)
  3 water moccasins (Lair:6)
  A warg (Orc:2)
  2 orc warriors
  A swamp drake (Swamp:2)
  A black bear (D:12)
  A sky beast (D:7)
  A phantom (D:9)
  A centaur (D:10)
  2 crocodiles (Lair:5)
  4 bullfrogs
  4 killer bees
  A crimson imp (D:10)
  A centaur zombie (D:9)
  A quasit (D:12)
  An orc priest (D:12)
  6 orc wizards
  A centaur skeleton (D:8)
  An iguana (D:13)
  4 hell rats (Lair:3)
  2 hound zombies (D:6)
  A hound skeleton (D:4)
  A gnoll (D:6)
  2 adders
  An ooze (D:6)
  2 worms (D:2)
  10 orcs
  7 giant cockroaches
  8 goblins
  5 hobgoblins
  A ball python (D:3)
  2 bats
  4 kobolds
  A quokka skeleton (D:5)
  A rat (D:1)
165 creatures vanquished.

Vanquished Creatures (collateral kills)
  Vashnia (Snake:4)
  2 tentacled monstrosities
  Jorgrun (Swamp:3)
  Rupert (Lair:6)
  Asterion (Snake:1)
  Frances (Snake:2)
  Kirke (D:14)
  A thorn hunter (Swamp:2)
  Donald (Snake:1)
  8 nagarajas (Snake:4)
  3 vault wardens (Vaults:1)
  An orc warlord (Orc:2)
  Aizul (Snake:3)
  2 very ugly things (Swamp:4)
  3 ironheart preservers
  Azrael (Orc:2)
  A green death (Swamp:4)
  A rakshasa (D:15)
  2 yaktaur captains (Vaults:1)
  3 fire dragons
  A great orb of eyes (Vaults:1)
  4 ice dragons
  2 ghost crabs
  2 vault guards (Vaults:1)
  Erolcha (D:10)
  10 naga warriors
  A death knight (Vaults:1)
  17 hydras
  6 anacondas
  6 alligators
  A catoblepas (Lair:4)
  Erica (Lair:2)
  4 centaur warriors
  2 ogre magi (Vaults:1)
  6 two-headed ogres
  5 death yaks (D:11)
  5 orc high priests (Orc:2)
  10 naga sharpshooters
  2 shock serpents (Snake:4)
  A fire crab (shapeshifter) (Vaults:1)
  3 salamander mystics
  6 swamp dragons
  A sea snake (Snake:4)
  An unseen horror (D:10)
  3 torturous demonspawn (Orc:2)
  3 spriggan druids
  A gelid demonspawn (Orc:2)
  3 ironbrand convokers (Vaults:1)
  13 orc knights
  3 naga ritualists
  3 deep trolls (Vaults:2)
  2 necromancers
  A tengu zombie (Vaults:2)
  3 harpies (Vaults:2)
  A manticore (D:15)
  13 ugly things
  5 mana vipers
  A deep elf mage (D:13)
  6 orc sorcerers (Orc:2)
  A wolf spider (Lair:6)
  8 salamanders
  5 cyclopes
  3 elephants (Lair:4)
  20 naga magi
  2 orange demons (Swamp:4)
  4 vault sentinels
  22 black mambas
  6 guardian serpents
  A gargoyle (D:11)
  18 spiny frogs
  A spiny frog (shapeshifter) (D:12)
  6 komodo dragons
  A human zombie (Vaults:2)
  An ice devil (Orc:2)
  9 rime drakes
  2 freezing wraiths
  5 yaktaurs (Vaults:1)
  4 kobold demonologists
  2 efreet
  A hellwing (Orc:2)
  8 trolls
  A guardian mummy (D:10)
  6 polar bears
  A tengu simulacrum (Vaults:2)
  10 tyrant leeches
  9 hippogriffs
  9 bog bodies
  7 hornets
  5 blink frogs
  25 slime creatures
  A fire giant simulacrum (Vaults:1)
  2 vampires (D:13)
  A redback (Lair:6)
  A shadow (Swamp:4)
  16 yaks
  A ynoxinul (Orc:2)
  7 spriggans
  4 hogs (D:14)
  11 basilisks
  2 wraiths
  2 large abominations (Swamp:4)
  11 wyverns
  3 fire elementals
  A chaos spawn (Orc:2)
  9 steam dragons
  8 vampire mosquitoes
  4 hungry ghosts
  A neqoxec (Orc:2)
  4 wargs
  A redback simulacrum (D:14)
  11 insubstantial wisps
  9 swamp worms
  65 nagas
  19 water moccasins
  6 acid dragons
  3 hell hounds (Orc:2)
  A floating eye (Lair:6)
  7 porcupines
  7 swamp drakes
  4 sky beasts
  3 black bears (Lair:2)
  2 ice beasts
  18 ogres
  63 orc warriors
  4 phantoms
  5 wolves (Lair:3)
  10 centaurs
  8 crocodiles
  3 big kobolds
  10 bullfrogs
  A gnoll sergeant (D:7)
  A wyvern skeleton (D:14)
  2 wyvern zombies
  3 scorpions
  An elf simulacrum (Vaults:1)
  24 killer bees
  An electric eel (Lair:2)
  3 howler monkeys (D:7)
  A lava snake (D:14)
  4 crimson imps
  A quasit (D:7)
  2 bullfrog zombies (D:6)
  5 centaur skeletons
  9 hounds
  2 jellies
  31 orc priests
  27 orc wizards
  4 iguanas
  A hell rat (Lair:3)
  12 worker ants
  A killer bee zombie (D:6)
  A hound zombie (D:6)
  2 howler monkey zombies (D:6)
  A worker ant zombie (D:6)
  15 gnolls
  16 adders
  A shadow imp (D:7)
  12 white imps (Orc:2)
  3 oozes
  2 adder skeletons (D:6)
  5 worms
  2 dart slugs
  6 leopard geckos
  102 orcs
  5 giant cockroaches
  4 hobgoblins
  14 jackals
  24 kobolds
  2 quokkas
  A ball python (D:5)
  A ball python skeleton (D:4)
  A ball python zombie (D:6)
  4 bats
  4 frilled lizards
  4 goblins (D:3)
  A jackal zombie (D:6)
  A quokka skeleton (D:4)
  2 rats (D:2)
  A bush (Lair:6)
  A plant (Lair:2)
1120 creatures vanquished.

Vanquished Creatures (others)
  A deep troll (Vaults:2)
  A salamander (Snake:2)
  A naga (Snake:2)
  A swamp worm (Swamp:1)
  A jelly (D:10)
  A hell rat (Lair:3)
  An orc (Vaults:1)
  10 fungi
  27 plants
44 creatures vanquished.

Grand Total: 1329 creatures vanquished

Notes
Turn   | Place    | Note
-------+----------+-------------------------------------------
     0 | D:1      | Geomchi the Gnoll Summoner began the quest for the Orb.
     0 | D:1      | Reached XP level 1. HP: 13/13 MP: 6/6
   356 | D:1      | Reached XP level 2. HP: 19/19 MP: 4/7
   362 | D:1      | Learned a level 2 spell: Call Imp
  1609 | D:2      | Reached XP level 3. HP: 19/25 MP: 5/9
  1614 | D:2      | Learned a level 3 spell: Call Canine Familiar
  1798 | D:2      | Reached skill level 5 in Spellcasting
  1975 | D:2      | Reached skill level 1 in Invocations
  2213 | D:2      | Noticed a phantom
  2270 | D:2      | Killed a phantom
  2270 | D:2      | Reached skill level 1 in Fighting
  2270 | D:2      | Reached skill level 1 in Short Blades
  2270 | D:2      | Reached skill level 1 in Long Blades
  2270 | D:2      | Reached skill level 1 in Axes
  2270 | D:2      | Reached skill level 1 in Maces & Flails
  2270 | D:2      | Reached skill level 1 in Polearms
  2270 | D:2      | Reached skill level 1 in Staves
  2270 | D:2      | Reached skill level 1 in Slings
  2270 | D:2      | Reached skill level 1 in Bows
  2270 | D:2      | Reached skill level 1 in Crossbows
  2270 | D:2      | Reached skill level 1 in Throwing
  2270 | D:2      | Reached skill level 1 in Armour
  2270 | D:2      | Reached skill level 1 in Shields
  2270 | D:2      | Reached skill level 1 in Unarmed Combat
  2270 | D:2      | Reached skill level 1 in Conjurations
  2270 | D:2      | Reached skill level 1 in Hexes
  2270 | D:2      | Reached skill level 1 in Charms
  2270 | D:2      | Reached skill level 1 in Necromancy
  2270 | D:2      | Reached skill level 1 in Translocations
  2270 | D:2      | Reached skill level 1 in Transmutations
  2270 | D:2      | Reached skill level 1 in Fire Magic
  2270 | D:2      | Reached skill level 1 in Ice Magic
  2270 | D:2      | Reached skill level 1 in Air Magic
  2270 | D:2      | Reached skill level 1 in Earth Magic
  2270 | D:2      | Reached skill level 1 in Poison Magic
  2270 | D:2      | Reached skill level 1 in Evocations
  2270 | D:2      | Reached XP level 4. HP: 6/32 MP: 7/11
  2276 | D:2      | Learned a level 4 spell: Summon Ice Beast
  3027 | D:3      | Reached XP level 5. HP: 36/37 MP: 4/12
  3264 | D:3      | Found a snail-covered altar of Cheibriados.
  3283 | D:3      | Learned a level 4 spell: Summon Lightning Spire
  4102 | D:3      | Found a shimmering blue altar of Sif Muna.
  4233 | D:3      | Became a worshipper of Sif Muna the Loreminder
  4391 | D:3      | Found an ornate altar of the Wu Jian Council.
  5135 | D:4      | Reached XP level 6. HP: 43/44 MP: 3/13
  5885 | D:4      | Noticed a phantom
  5974 | D:4      | Killed a phantom
  5974 | D:4      | Reached skill level 5 in Dodging
  6303 | D:4      | Found a shadowy altar of Dithmenos.
  6430 | D:4      | Found a burning altar of Makhleb.
  6430 | D:4      | Noticed a cacodemon
  6433 | D:4      | Noticed a ynoxinul
  6433 | D:4      | Noticed an orange demon
  6467 | D:4      | Reached * piety under Sif Muna
  6774 | D:5      | Entered Level 5 of the Dungeon
  6936 | D:5      | Noticed a water moccasin
  6957 | D:5      | Killed a water moccasin
  6957 | D:5      | Reached XP level 7. HP: 48/50 MP: 1/15
  7068 | D:5      | Found Etoopiq's General Store.
  7071 | D:5      | Bought a potion of heal wounds for 55 gold pieces
  7071 | D:5      | Bought a scroll of remove curse for 33 gold pieces
  7455 | D:5      | Found a staircase to the Ecumenical Temple.
  7457 | D:5      | Found Taenoek's Gadget Shop.
  7714 | D:5      | Reached skill level 5 in Stealth
  8429 | D:6      | Reached XP level 8. HP: 57/57 MP: 2/16
  8655 | D:6      | Reached ** piety under Sif Muna
  9204 | D:6      | Found a sacrificial altar of Ru.
  9762 | D:6      | Found a radiant altar of Vehumet.
  9762 | D:6      | Noticed a hippogriff
  9779 | D:6      | Killed a hippogriff
 10968 | D:7      | Reached XP level 9. HP: 57/65 MP: 7/18
 11137 | D:7      | Reached *** piety under Sif Muna
 11456 | D:7      | HP: 2/65 [orc priest/divine providence (12)]
 12229 | D:8      | Found a blossoming altar of Fedhas.
 12462 | D:8      | Found a stormy altar of Qazlal.
 13621 | D:8      | Found a hazy altar of Hepliaklqana.
 13946 | D:9      | Found a sparkling altar of Nemelex Xobeh.
 14428 | D:9      | Reached skill level 5 in Invocations
 14428 | D:9      | Reached **** piety under Sif Muna
 14925 | D:9      | Found a staircase to the Orcish Mines.
 15007 | D:9      | Reached XP level 10. HP: 71/73 MP: 0/20
 15311 | D:9      | Found a hide-covered altar of Uskayaw.
 15946 | D:9      | Found Ijuthe's Antique Weapon Shoppe.
 16227 | D:10     | Entered Level 10 of the Dungeon
 16433 | D:10     | Noticed Erolcha
 16443 | D:10     | Killed Erolcha
 16443 | D:10     | Reached skill level 5 in Fighting
 16443 | D:10     | Reached skill level 5 in Short Blades
 16443 | D:10     | Reached skill level 5 in Long Blades
 16443 | D:10     | Reached skill level 5 in Axes
 16443 | D:10     | Reached skill level 5 in Maces & Flails
 16443 | D:10     | Reached skill level 5 in Polearms
 16443 | D:10     | Reached skill level 5 in Staves
 16443 | D:10     | Reached skill level 5 in Slings
 16443 | D:10     | Reached skill level 5 in Bows
 16443 | D:10     | Reached skill level 5 in Crossbows
 16443 | D:10     | Reached skill level 5 in Throwing
 16443 | D:10     | Reached skill level 5 in Armour
 16443 | D:10     | Reached skill level 5 in Shields
 16443 | D:10     | Reached skill level 5 in Unarmed Combat
 16443 | D:10     | Reached skill level 5 in Evocations
 16570 | D:10     | Got a shimmering whip
 16571 | D:10     | Identified the +10 whip "Demon's Nightmare" {slash, Int+2}
                  | (You found it on level 10 of the Dungeon)
 16843 | D:10     | Found a portal to a secret trove of treasure.
 17540 | D:11     | Got an encrusted scale mail
 17541 | D:11     | Identified the +4 scale mail "Asumik" {*Contam rC+ rN+
                  | Dex+3} (You found it on level 11 of the Dungeon)
 17753 | D:11     | Noticed a red ugly thing
 17800 | D:11     | Paralysed by an orc for 7 turns
 18224 | D:11     | Noticed a death yak
 18225 | D:11     | Noticed a death yak
 18225 | D:11     | Noticed a death yak
 18235 | D:11     | Noticed a death yak
 18248 | D:11     | Noticed a death yak
 18980 | D:10     | Killed an unseen horror
 19242 | D:10     | Killed an unseen horror
 19554 | D:11     | Paralysed by an orc for 7 turns
 19659 | D:11     | Noticed a gargoyle
 19670 | D:11     | Killed a gargoyle
 19889 | D:11     | Reached XP level 11. HP: 54/81 MP: 7/22
 20135 | D:11     | Found a staircase to the Lair.
 20145 | D:11     | Found Morasuop's Jewellery Shoppe.
 20162 | D:11     | Noticed a red ugly thing
 20186 | D:11     | Killed a red ugly thing
 20442 | D:11     | Killed a death yak
 20466 | D:11     | Killed a death yak
 20478 | D:11     | Killed a death yak
 20478 | D:11     | Reached skill level 5 in Conjurations
 20478 | D:11     | Reached skill level 5 in Hexes
 20478 | D:11     | Reached skill level 5 in Charms
 20478 | D:11     | Reached skill level 5 in Necromancy
 20478 | D:11     | Reached skill level 5 in Translocations
 20478 | D:11     | Reached skill level 5 in Transmutations
 20478 | D:11     | Reached skill level 5 in Fire Magic
 20478 | D:11     | Reached skill level 5 in Ice Magic
 20478 | D:11     | Reached skill level 5 in Air Magic
 20478 | D:11     | Reached skill level 5 in Earth Magic
 20478 | D:11     | Reached skill level 5 in Poison Magic
 20696 | Lair:1   | Entered Level 1 of the Lair of Beasts
 21352 | Lair:1   | Found a large runed translucent door.
 21363 | Lair:1   | Found a large runed translucent door.
 21363 | Lair:1   | Noticed 2BsUSBport's ghost (novice MiFi)
 22010 | Lair:2   | Noticed a seven-headed hydra
 22190 | Lair:2   | Noticed an eight-headed hydra
 22304 | Lair:1   | Killed an eight-headed hydra
 22495 | Lair:2   | Found a staircase to the Swamp.
 22527 | Lair:1   | Upgraded the game from 0.24-a0-630-g0d56a851f4 to
                  | 0.24-a0-639-gb70a11d811
 22664 | Lair:2   | Noticed Erica
 22666 | Lair:2   | Killed a seven-headed hydra
 24611 | Lair:2   | Found the +8 whip "Snakebite" {curare, rPois}
 24883 | Lair:2   | Killed Erica
 25234 | Lair:2   | Reached XP level 12. HP: 89/89 MP: 12/24
 26168 | Lair:3   | Noticed Fannar
 26231 | Lair:3   | Killed Fannar
 27408 | Lair:4   | Noticed a catoblepas
 27434 | Lair:4   | Killed a catoblepas
 28120 | Lair:4   | Found a staircase to the Snake Pit.
 29003 | Lair:5   | Found a runed translucent door.
 29003 | Lair:5   | Found a viscous altar of Jiyva.
 29004 | Lair:5   | Found a staircase to the Slime Pits.
 29091 | Lair:5   | Reached ***** piety under Sif Muna
 29649 | Lair:6   | Entered Level 6 of the Lair of Beasts
 29658 | Lair:6   | Identified Sif Muna's Collected Works on Fire and the
                  | Mountains (Sif Muna gifted it to you on level 6 of the Lair
                  | of Beasts)
 29658 | Lair:6   | Received a gift from Sif Muna
 29731 | Lair:6   | Noticed a five-headed hydra
 29819 | Lair:6   | Paralysed by a floating eye for 2 turns
 29823 | Lair:6   | Paralysed by a floating eye for 3 turns
 29828 | Lair:6   | Paralysed by a floating eye for 2 turns
 29835 | Lair:6   | Paralysed by a floating eye for 3 turns
 29840 | Lair:6   | Paralysed by a floating eye for 3 turns
 29852 | Lair:6   | Paralysed by a floating eye for 3 turns
 29861 | Lair:6   | Paralysed by a floating eye for 2 turns
 29870 | Lair:6   | Paralysed by a floating eye for 3 turns
 29876 | Lair:6   | Paralysed by a floating eye for 3 turns
 29884 | Lair:6   | Learned a level 1 spell: Apportation
 29972 | Lair:6   | Noticed Rupert
 30013 | Lair:6   | Killed Rupert
 30013 | Lair:6   | Reached XP level 13. HP: 47/98 MP: 12/26
 31207 | Lair:6   | Noticed a fire dragon
 31256 | Lair:6   | Killed a fire dragon
 32646 | Lair:6   | Paralysed by a hornet for 2 turns
 33367 | D:12     | Reached skill level 10 in Summonings
 33543 | D:12     | Got a pitted trident
 33544 | D:12     | Identified the cursed +1 trident of True Grit {holy, rElec
                  | rC++ Dex-2 Stlth+} (You found it on level 12 of the
                  | Dungeon)
 33672 | D:12     | Identified Sif Muna's Tome of Creation (Sif Muna gifted it
                  | to you on level 12 of the Dungeon)
 33672 | D:12     | Received a gift from Sif Muna
 33805 | D:12     | Learned a level 5 spell: Summon Demon
 34787 | D:13     | Found a flagged portal.
 34911 | Bailey   | Entered a bailey
 35734 | D:13     | Reached skill level 10 in Spellcasting
 35814 | D:13     | Found a shimmering altar of Xom.
 35898 | D:13     | Identified Reaj's Volume of Infinity (Sif Muna gifted it to
                  | you on level 13 of the Dungeon)
 35898 | D:13     | Received a gift from Sif Muna
 36072 | D:13     | Reached XP level 14. HP: 106/106 MP: 28/28
 36568 | D:14     | Noticed Kirke
 36586 | D:14     | Noticed a sphinx
 36607 | D:14     | Killed Kirke
 36736 | D:14     | Reached skill level 10 in Dodging
 37407 | D:14     | Found a gate to the Vaults.
 37521 | D:14     | Identified Roxanne's Catalogue of Moulding
 37521 | D:14     | Noticed Roxanne
 37639 | D:15     | Entered Level 15 of the Dungeon
 37719 | D:14     | Learned a level 5 spell: Summon Mana Viper
 38774 | D:15     | Reached skill level 10 in Stealth
 39169 | D:15     | Found a staircase to the Depths.
 40052 | Orc:1    | Entered Level 1 of the Orcish Mines
 40066 | Orc:1    | Identified Qamy's Incunabulum of Calling and the Birds (Sif
                  | Muna gifted it to you on level 1 of the Orcish Mines)
 40066 | Orc:1    | Received a gift from Sif Muna
 40602 | Orc:1    | Found a runed translucent door.
 40608 | Orc:1    | Found the +10 large shield of Ignorance {rN+ Int-4}
 40613 | Orc:1    | Found a runed translucent door.
 40855 | Orc:2    | Entered Level 2 of the Orcish Mines
 40855 | Orc:2    | Found Buidiseg's Distillery.
 40889 | Orc:2    | Found Godghe Ol Aru's General Store.
 40946 | Orc:2    | Found Janadd's Food Shop.
 40952 | Orc:2    | Reached skill level 10 in Invocations
 41003 | Orc:2    | Bought the +3 hat of Pondering {ponderous, MR+ MP+10 Int+5}
                  | for 571 gold pieces
 41003 | Orc:2    | Found the +3 hat of Pondering {ponderous, MR+ MP+10 Int+5}
 41287 | Orc:2    | Found a frozen archway.
 41559 | Orc:2    | Noticed Azrael
 41571 | Orc:2    | Killed Azrael
 41686 | Orc:2    | Gained mutation: Scrolls take you a little longer to read.
                  | [a neqoxec]
 41844 | Orc:2    | Identified Sif Muna's Grimoire of Attacks and Toxins (Sif
                  | Muna gifted it to you on level 2 of the Orcish Mines)
 41844 | Orc:2    | Received a gift from Sif Muna
 42350 | Orc:2    | Found Fyaseem's Gadget Shoppe.
 42350 | Orc:2    | Found Balelouw's Antique Armour Emporium.
 42350 | Orc:2    | Found a one-way gate leading to the halls of Pandemonium.
 42466 | Orc:2    | Found a staircase to the Elven Halls.
 42556 | Orc:2    | Noticed an orc warlord
 42566 | Orc:2    | Killed an orc warlord
 43039 | Swamp:1  | Entered Level 1 of the Swamp
 43498 | Swamp:1  | Reached XP level 15. HP: 88/114 MP: 3/29
 43529 | Swamp:1  | Received a gift from Sif Muna
 44757 | Swamp:2  | Noticed a thorn hunter
 44842 | Swamp:2  | Lost mutation: Scrolls take you a little longer to read.
                  | [potion of mutation]
 44842 | Swamp:2  | Gained mutation: Your muscles are strong. (Str +2) [potion
                  | of mutation]
 44842 | Swamp:2  | Gained mutation: Your muscles are very strong. (Str +4)
                  | [potion of mutation]
 44842 | Swamp:2  | Gained mutation: You are partially covered in rugged brown
                  | scales. (AC +1, +3% HP) [potion of mutation]
 44842 | Swamp:2  | Gained mutation: You are agile. (Dex +2) [potion of
                  | mutation]
 44984 | Swamp:2  | Killed a thorn hunter
 45325 | Swamp:2  | Noticed a tentacled monstrosity
 45531 | Swamp:1  | Learned a level 8 spell: Summon Horrible Things
 45685 | Swamp:2  | Killed a tentacled monstrosity
 46213 | Swamp:3  | Noticed a tentacled monstrosity
 47262 | Swamp:3  | Learned a level 6 spell: Shadow Creatures
 47298 | Swamp:3  | Noticed Jorgrun
 47310 | Swamp:3  | Killed Jorgrun
 47837 | Swamp:4  | Entered Level 4 of the Swamp
 48295 | Swamp:4  | HP: 3/118 [ghost crab] (19)]
 48834 | Swamp:4  | Reached skill level 10 in Fighting
 48834 | Swamp:4  | Reached skill level 10 in Short Blades
 48834 | Swamp:4  | Reached skill level 10 in Long Blades
 48834 | Swamp:4  | Reached skill level 10 in Axes
 48834 | Swamp:4  | Reached skill level 10 in Maces & Flails
 48834 | Swamp:4  | Reached skill level 10 in Polearms
 48834 | Swamp:4  | Reached skill level 10 in Staves
 48834 | Swamp:4  | Reached skill level 10 in Slings
 48834 | Swamp:4  | Reached skill level 10 in Bows
 48834 | Swamp:4  | Reached skill level 10 in Crossbows
 48834 | Swamp:4  | Reached skill level 10 in Throwing
 48834 | Swamp:4  | Reached skill level 10 in Armour
 48834 | Swamp:4  | Reached skill level 10 in Shields
 48834 | Swamp:4  | Reached skill level 10 in Unarmed Combat
 48834 | Swamp:4  | Reached skill level 10 in Evocations
 49110 | Swamp:4  | Noticed a tentacled monstrosity
 49125 | Swamp:4  | Killed a tentacled monstrosity
 50339 | Swamp:4  | Got a decaying rune of Zot
 50547 | Snake:1  | Entered Level 1 of the Snake Pit
 50910 | Snake:1  | Noticed Asterion
 50921 | Snake:1  | Killed Asterion
 50921 | Snake:1  | Received a gift from Sif Muna
 50923 | Snake:1  | Noticed Donald
 51503 | Snake:1  | Killed Donald
 51805 | Snake:2  | Reached XP level 16. HP: 74/125 MP: 15/31
 52756 | Snake:2  | Noticed Frances
 52779 | Snake:2  | Killed Frances
 53868 | Snake:3  | Found Luapoy's Weapon Emporium.
 54315 | Snake:3  | Noticed Aizul
 54333 | Snake:3  | Killed Aizul
 54461 | Snake:3  | Noticed Saint Roka
 55163 | Snake:4  | Entered Level 4 of the Snake Pit
 55923 | Snake:4  | Noticed a nagaraja
 56156 | Snake:4  | Noticed a nagaraja
 56162 | Snake:4  | Killed a nagaraja
 56177 | Snake:4  | Killed a nagaraja
 56178 | Snake:4  | Noticed Vashnia
 56326 | Snake:4  | HP: 6/127 [naga sharpshooter/bolt[Vashnia] (18)]
 56788 | Snake:4  | Killed Vashnia
 57014 | Snake:4  | Noticed a nagaraja
 57288 | Snake:4  | Killed a nagaraja
 57735 | Snake:4  | Noticed a nagaraja
 57744 | Snake:4  | Killed a nagaraja
 57748 | Snake:4  | Noticed a nagaraja
 57762 | Snake:4  | Killed a nagaraja
 57923 | Snake:4  | Noticed a nagaraja
 57940 | Snake:4  | Killed a nagaraja
 58127 | Snake:4  | Noticed a nagaraja
 58130 | Snake:4  | Noticed a nagaraja
 58143 | Snake:4  | Killed a nagaraja
 58146 | Snake:4  | Killed a nagaraja
 58259 | Snake:4  | Got a serpentine rune of Zot
 58569 | Vaults:1 | Entered Level 1 of the Vaults
 59315 | Vaults:1 | Reached XP level 17. HP: 121/134 MP: 14/33
 59321 | Vaults:1 | Identified Sif Muna's Collected Works on Sinister Feathers
                  | (Sif Muna gifted it to you on level 1 of the Vaults)
 59321 | Vaults:1 | Received a gift from Sif Muna
 59330 | Vaults:1 | Learned a level 6 spell: Deflect Missiles
 61618 | Vaults:2 | Found the +3 Elemental Staff {rElec rF++ rC++ MR++ AC+5}
 61699 | Vaults:2 | Noticed Sojobo
 61718 | Vaults:2 | Killed from afar by Sojobo

Levels and vault maps discovered:
D:1:      dpeg_arrival_leaves_temple_mockup, layout_basic
D:2:      layout_basic
D:3:      layout_basic, lemuel_doored_altar, lemuel_round_altar,
          cheibriados_altar_1, first_ration, grunt_decor_arrowhead
D:4:      layout_loops_corners, lemuel_round_altar, makhleb_altar_promises_db
D:5:      layout_basic, minmay_temple_entry_slanted, serial_shops, shop,
          kennysheep_mini_moat
D:6:      layout_rooms, lemuel_round_altar, overflow_temple_1_default,
          serial_undead, serial_undead_a, serial_undead_d, serial_undead_a,
          serial_undead_b
D:7:      layout_basic, grunt_ogre_cave
D:8:      layout_loops_corners, lemuel_coloured_pillars_altar,
          nicolae_overflow_crystal_walls, grunt_qazlal_sundering,
          hangedman_abyss_or_decor_stagger
D:9:      layout_basic, nemelex_xobeh_ov_fountains_minmay,
          eat_drink_and_be_merry_uskayaw, erik_orc_4, serial_shops, shop_statue
D:10:     minmay_opposing_rooms, layout_long_grid,
          nicolae_trove_entry_path_of_doom, chequers_serial_rivers_room_b,
          uniq_erolcha
D:11:     layout_long_grid, dpeg_lair_monsters, serial_shops, shop,
          item_on_display_a
D:12:     layout_rooms
D:13:     layout_loops_ring, enter_bailey_6, david_defended_altar_elf
D:14:     layout_basic, david_vaults_1, kennysheep_cross_bottleneck,
          hangedman_abyss_or_decor_passed, uniq_kirke, uniq_roxanne
D:15:     grunt_enter_depths_hoard, layout_stronghold, minmay_checkerbox
Lair:1:   layout_gridlike, ebering_ghost_disaster_area
Lair:2:   beast_lair_carwin_large_2, layout_loops_ring, swamp_mist_pool,
          bobbens_dragon_lair_wall, uniq_erica
Lair:3:   layout_regular_city, kennysheep_basilisk_garden, lemuel_fruit_fields,
          serial_bayou_shore_b, uniq_fannar
Lair:4:   layout_cave_pods, minmay_snake_entry_guardpost_large,
          lemuel_fruit_fields
Lair:5:   layout_loops_ring, slime_altar_2, minivault_23
Lair:6:   hangedman_lair_tendril_chambers, layout_gridlike,
          guppyfry_lair_end_dragon, disabler_island, minmay_lair_oklob_chamber,
          uniq_rupert
Swamp:1:  layout_basic_swamp, evilmike_swamp_ruin_house_4
Swamp:2:  cheibrodos_swamp_monstrosity, layout_basic_swamp,
          evilmike_swamp_ruin_rubble_2, swamp_pool2
Swamp:3:  layout_falls_marsh, evilmike_swamp_ruin_house_5, swamp_pool1,
          cheibrodos_swamp_kobolds, uniq_jorgrun
Swamp:4:  swamp_vile, layout_basic_swamp, swamp_pool2,
          infiniplex_staircase_pool_2
Snake:1:  layout_misc_corridors, nicolae_large_snake_swirl, uniq_asterion,
          uniq_donald
Snake:2:  layout_chambers, uniq_frances
Snake:3:  layout_cave_pods, serial_shops, shop, uniq_aizul, uniq_saint_roka
Snake:4:  minmay_snake_end_coiled, layout_cave_town, nicolae_snake_shapes,
          uniq_vashnia
Orc:1:    layout_caves, chequers_guarded_unrand_ignorance
Orc:2:    pf_orc_diabolical, layout_caves, serial_shops, shop,
          portal_ice_cave_entry_imps, uniq_azrael
Vaults:1: v_rooms_2, hangedman_vaults_snaps, vaults_room_large_hall,
          nicolae_vaults_network_star, nicolae_vaults_rhombus_7, v_misc_5,
          hangedman_vaults_slice, vaults_standard_mumra_enter_the_diamond,
          v_misc_16, nicolae_vaults_little_squares_5,
          nicolae_vaults_inception_scallops, layout_vaults_omnicross
Vaults:2: vaults_room_grid, ontoclasm_vaults_hangar, v_misc_30,
          hangedman_vaults_stream, hangedman_vaults_corner_blocks,
          hangedman_vaults_trim, v_misc_18, v_alt_pattern_1,
          dpeg_vaults_monster_box, ontoclasm_vaults_pinch,
          nicolae_vaults_mini_display_case, layout_vaults_omnigrid, uniq_sojobo

Skill      XL: |  1  2  3  4  5  6  7  8  9 10 11 12 13 14 15 16 17 |
---------------+----------------------------------------------------+-----
Spellcasting   | 5 6 7 8 9 10 11 12 | 12.1
Invocations    | 1 2 3 4 5 6 7 8 9 10 11 12 | 12.1
Fighting       | 1 2 3 4 5 6 7 8 9 10 11 | 11.2
Short Blades   | 1 2 3 4 5 6 7 8 9 10 11 | 11.2
Long Blades    | 1 2 3 4 5 6 7 8 9 10 11 | 11.2
Axes           | 1 2 3 4 5 6 7 8 9 10 11 | 11.2
Maces & Flails | 1 2 3 4 5 6 7 8 9 10 11 | 11.2
Polearms       | 1 2 3 4 5 6 7 8 9 10 11 | 11.2
Staves         | 1 2 3 4 5 6 7 8 9 10 11 | 11.2
Slings         | 1 2 3 4 5 6 7 8 9 10 11 | 11.2
Bows           | 1 2 3 4 5 6 7 8 9 10 11 | 11.2
Crossbows      | 1 2 3 4 5 6 7 8 9 10 11 | 11.2
Throwing       | 1 2 3 4 5 6 7 8 9 10 11 | 11.2
Armour         | 1 2 3 4 5 6 7 8 9 10 11 | 11.2
Shields        | 1 2 3 4 5 6 7 8 9 10 11 | 11.2
Unarmed Combat | 1 2 3 4 5 6 7 8 9 10 11 | 11.2
Conjurations   | 1 2 3 4 5 6 7 8 9 |  9.6
Hexes          | 1 2 3 4 5 6 7 8 9 |  9.6
Charms         | 1 2 3 4 5 6 7 8 9 |  9.6
Necromancy     | 1 2 3 4 5 6 7 8 9 |  9.6
Translocations | 1 2 3 4 5 6 7 8 9 |  9.6
Transmutations | 1 2 3 4 5 6 7 8 9 |  9.6
Fire Magic     | 1 2 3 4 5 6 7 8 9 |  9.6
Ice Magic      | 1 2 3 4 5 6 7 8 9 |  9.6
Air Magic      | 1 2 3 4 5 6 7 8 9 |  9.6
Earth Magic    | 1 2 3 4 5 6 7 8 9 |  9.6
Poison Magic   | 1 2 3 4 5 6 7 8 9 |  9.6
Evocations     | 1 2 3 4 5 6 7 8 9 10 11 | 11.2
Dodging        | 5 6 7 8 9 10 11 12 | 12.0
Stealth        | 5 6 7 8 9 10 11 | 11.9
Summonings     | 8 9 10 11 | 11.7

Action                   |  1- 3 |  4- 6 |  7- 9 | 10-12 | 13-15 | 16-18 || total
-------------------------+-------+-------+-------+-------+-------+-------++-------
Melee: Short sword       |    32 |       |       |       |       |       ||    32
       Spear             |    68 |   169 |     2 |       |       |       ||   239
       Bite              |     6 |    12 |    21 |    27 |    56 |    13 ||   135
       Punch             |       |     2 |     6 |       |       |       ||     8
       Dagger            |       |       |   123 |       |       |       ||   123
       Glaive            |       |       |    24 |    27 |       |       ||    51
       Halberd           |       |       |     4 |       |       |       ||     4
       Whip              |       |       |       |   209 |   390 |   116 ||   715
       Unarmed           |       |       |       |       |     4 |       ||     4
 Cast: Summon Small Mamm |    20 |     2 |       |       |       |       ||    22
       Call Imp          |    20 |     4 |     8 |     2 |       |       ||    34
       Call Canine Famil |     4 |    14 |    31 |    58 |    37 |     1 ||   145
       Summon Ice Beast  |       |    42 |   134 |   333 |   137 |     4 ||   650
       Summon Lightning  |       |     3 |     8 |    15 |     2 |       ||    28
       Apportation       |       |       |       |     3 |       |       ||     3
       Summon Demon      |       |       |       |       |   330 |   142 ||   472
       Summon Mana Viper |       |       |       |       |   100 |    71 ||   171
       Shadow Creatures  |       |       |       |       |    10 |    44 ||    54
       Summon Horrible T |       |       |       |       |     3 |     1 ||     4
       Deflect Missiles  |       |       |       |       |       |     1 ||     1
Invok: Channel Magic     |       |       |       |     7 |     8 |     2 ||    17
       Divine Exegesis   |       |       |       |       |     3 |     1 ||     4
  Use: Scroll            |       |     3 |     5 |     5 |    21 |     7 ||    41
       Potion            |       |     1 |     1 |     4 |     7 |     2 ||    15
 Stab: Distracted        |       |     2 |     4 |     2 |    12 |     4 ||    24
       Sleeping          |       |     8 |     1 |       |     2 |     1 ||    12
       Petrified         |       |       |       |       |       |     4 ||     4
       Petrifying        |       |       |       |       |       |     3 ||     3
  Eat: Chunk             |     5 |    16 |    35 |    39 |    80 |    26 ||   201
       Ration            |       |     2 |     3 |    10 |    17 |    10 ||    42
Armor: Robe              |    17 |    28 |    21 |    32 |       |       ||    98
       Steam dragon scal |       |       |       |    50 |   138 |    43 ||   231
       Acid dragon scale |       |       |       |       |    60 |    14 ||    74
Dodge: Dodged            |    63 |   107 |   149 |   295 |   688 |   202 ||  1504
       Deflected         |       |       |       |       |       |     3 ||     3
Block: Buckler           |       |       |       |    87 |   217 |       ||   304
       Shield            |       |       |       |       |    11 |   171 ||   182
       Reflection        |       |       |       |       |     1 |    43 ||    44

Table legend:
 A = Non-vault XP
 B = Vault XP
 C = Vault XP percentage of total XP
 D = Non-vault monster count
 E = Vault monster count
 F = Vault count percentage of total count
                 A         B        C        D         E       F
            +---------+---------+-------+---------+---------+-------
      Total |  111002 |   88421 |  44.3 |     895 |     392 |  30.5
            +---------+---------+-------+---------+---------+-------
        D:1 |      26 |       0 |   0.0 |      19 |       0 |   0.0
        D:2 |     135 |       0 |   0.0 |      28 |       0 |   0.0
        D:3 |      97 |       0 |   0.0 |      34 |       0 |   0.0
        D:4 |     250 |       0 |   0.0 |      23 |       0 |   0.0
        D:5 |     626 |       0 |   0.0 |      27 |       0 |   0.0
        D:6 |     443 |     174 |  28.2 |      27 |      14 |  34.1
        D:7 |     859 |      63 |   6.8 |      40 |       1 |   2.4
        D:8 |    1080 |       0 |   0.0 |      34 |       0 |   0.0
        D:9 |    1579 |     271 |  14.6 |      30 |      16 |  34.8
       D:10 |    1121 |    1707 |  60.4 |      18 |      11 |  37.9
       D:11 |    1784 |    2521 |  58.6 |      32 |       7 |  17.9
       D:12 |    4261 |       0 |   0.0 |      47 |       0 |   0.0
       D:13 |    3789 |     283 |   6.9 |      25 |       1 |   3.8
       D:14 |    4610 |    2917 |  38.8 |      33 |       9 |  21.4
       D:15 |    4868 |    1806 |  27.1 |      30 |       6 |  16.7
     Lair:1 |    1746 |     153 |   8.1 |      14 |       1 |   6.7
     Lair:2 |    2045 |    3192 |  61.0 |      14 |      21 |  60.0
     Lair:3 |    2437 |    1541 |  38.7 |      22 |       6 |  21.4
     Lair:4 |    4085 |     258 |   5.9 |      24 |       3 |  11.1
     Lair:5 |    2646 |       0 |   0.0 |      12 |       0 |   0.0
     Lair:6 |    3023 |   11060 |  78.5 |      17 |      54 |  76.1
    Swamp:1 |    5504 |       0 |   0.0 |      31 |       0 |   0.0
    Swamp:2 |    5700 |    1586 |  21.8 |      24 |       1 |   4.0
    Swamp:3 |    4826 |    2135 |  30.7 |      32 |       4 |  11.1
    Swamp:4 |    8351 |    9899 |  54.2 |      36 |      27 |  42.9
    Snake:1 |    4584 |    2437 |  34.7 |      20 |       2 |   9.1
    Snake:2 |    7526 |    1148 |  13.2 |      30 |       1 |   3.2
    Snake:3 |    5870 |    2466 |  29.6 |      27 |      14 |  34.1
    Snake:4 |    9974 |   18236 |  64.6 |      34 |      55 |  61.8
      Orc:1 |    1114 |       0 |   0.0 |      30 |       0 |   0.0
      Orc:2 |    2513 |    9672 |  79.4 |      30 |      86 |  74.1
   Vaults:1 |   11055 |    9660 |  46.6 |      40 |      24 |  37.5
   Vaults:2 |    2475 |    3473 |  58.4 |      11 |      10 |  47.6
     Bailey |       0 |    1763 | 100.0 |       0 |      18 | 100.0
            +---------+---------+-------+---------+---------+-------
